 Dungeon Crawl Stone Soup version 0.16-a0-1212-geefc3ab (webtiles) character file.

4216 Kashira the Cleaver (level 10, -2/51 HPs)
             Began as a Vine Stalker Berserker on Oct 12, 2014.
             Was a High Priest of Trog.
             Succumbed to a trapdoor spider's poison
             ... on level 9 of the Dungeon.
             The game lasted 00:20:14 (5560 turns).

Kashira the Cleaver (Vine Stalker Berserker)        Turns: 5560, Time: 00:20:14

Health: -2/51      AC:  4    Str: 22    XL:     10   Next: 30%
Magic:  15/18      EV: 13    Int:  7    God:    Trog [*****.]
Gold:   466        SH:  0    Dex: 15    Spells: 0 memorised, 9 levels left

rFire  . . .     SeeInvis .     y - +2 hand axe (elec)
rCold  + + .     Clarity  .     k - +1 leather armour {rC+}
rNeg   . . .     SustAb   .     (no shield)
rPois  .         Gourm    .     C - +0 helmet
rElec  .         Spirit   +     (no cloak)
rCorr  +         Warding  .     (no gloves)
rMut   .         Stasis   .     B - -2 pair of boots (curse)
MR     +++..                    F - amulet of resist corrosion
Stlth  ..........               H - cursed ring of loudness
                                E - ring of protection from cold

@: lethally poisoned, exhausted, regenerating, slowed, very slow, extremely
resistant to hostile enchantments, extremely unstealthy
A: fangs 3, regeneration 2, magic shield, antimagic bite, no device heal 3, rot
immunity
a: Burn Spellbooks, Berserk, Trog's Hand, Brothers in Arms, Renounce Religion


You were on level 9 of the Dungeon.
You worshipped Trog.
Trog was extremely pleased with you.
You were very hungry.

You visited 2 branches of the dungeon, and saw 10 of its levels.

You collected 466 gold pieces.

Inventory:

Hand weapons
 y - a +2 hand axe of electrocution (weapon)
 L - a +0 eveningstar of draining
Missiles
 M - 2 steel tomahawks (quivered)
Armour
 k - a +1 leather armour of cold resistance (worn)
 B - a cursed -2 pair of boots (worn)
 C - a +0 helmet (worn)
Magical devices
 D - a wand of draining (0)
 I - a wand of magic darts (10)
Comestibles
 o - 5 beef jerkies
 r - 10 fruits
 A - 5 bread rations
 G - 9 slices of pizza
 K - a meat ration
Scrolls
 e - 3 scrolls of identify
 f - 4 scrolls of teleportation
 h - 2 scrolls of enchant armour {unknown}
 i - 2 scrolls of remove curse
 j - a scroll of random uselessness {unknown}
 m - a scroll of noise {unknown}
 t - 3 scrolls of amnesia {unknown}
 u - 2 scrolls of blinking {unknown}
 v - 2 scrolls of enchant weapon {unknown}
 w - a scroll of magic mapping
Jewellery
 E - a ring of protection from cold (left hand)
 F - an amulet of resist corrosion (around neck)
 H - a cursed ring of loudness (right hand)
Potions
 a - a potion of agility {unknown}
 b - 3 potions of might
 c - a potion of invisibility
 d - a potion of lignification {unknown}
 g - a potion of cure mutation {unknown}
 l - a potion of confusion {unknown}
 n - 2 potions of magic {unknown}
 p - a potion of heal wounds {unknown}
 q - 2 potions of poison
 s - a potion of porridge
 x - 3 potions of berserk rage {unknown}
 z - a potion of restore abilities {unknown}
 J - 2 potions of curing {unknown}


   Skills:
 + Level 4.5 Fighting
 * Level 11.4 Axes
 + Level 2.9 Armour
 + Level 4.2 Dodging
 * Level 3.5 Evocations


You had 9 spell levels left.
You didn't know any spells.

Dungeon Overview and Level Annotations

Branches:
Dungeon (9/15)             Temple (1/1) D:6
    Orc: D:9-12        Lair: D:8-11

Altars:
Ashenzari
Dithmenos
Elyvilon
Gozag
Okawaru
Qazlal
Vehumet
Xom
Yredelemnul
The Shining One

Shops:
D:4 (   D:7 (

Annotations:
D:3 1 exclusion


Innate Abilities, Weirdness & Mutations

You have razor-sharp teeth.
You heal very quickly.
When hurt, damage is shared between your health and your magic reserves.
Your bite disrupts and absorbs the magic of your enemies.
Potions and wands cannot restore your health.
You are immune to rotting.


Message History

You feel a strong urge to attack something.
* * * LOW HITPOINT WARNING * * *
You feel sick.
* * * LOW HITPOINT WARNING * * *
You feel very sick.
There is a lethal amount of poison in your body!
You feel your anger subside.
* * * LOW HITPOINT WARNING * * *
You feel very sick.
You are no longer berserk.
You are exhausted.
You feel yourself slow down.
You are feeling very hungry.
* * * LOW HITPOINT WARNING * * *
You feel sick.
Use which ability? (? or * to list)
Your skin crawls.
You feel resistant to hostile enchantments.
You feel slightly more hungry.
You die...

..........####..###
...)..............##
...................#
#.......####.....##
##......## ##.....##
##.......### ##......##..
#..........###............
.........................
>...............@........
.........................
....###..........####....
....# #..........# ...
....# ...........# ....#
............ ....#
....##.....# ...## .
##........ ...#
##.........#


There were no monsters in sight!

Vanquished Creatures
  A two-headed ogre (D:9)
  Prince Ribbit (D:5)
  A slime creature (D:7)
  A trapdoor spider (D:9)
  The ghost of ciphuk the Ruinous, an average DECj (D:4)
  A human (D:7)
  A hog (D:7)
  A hippogriff (D:9)
  A water moccasin (D:5)
  An orc warrior (D:9)
  A sky beast (D:9)
  A phantom (D:8)
  2 ogres
  2 centaurs
  A big kobold (D:7)
  4 giant frogs
  Blork the orc (D:8)
  A scorpion (D:5)
  An eye of draining (D:9)
  7 hounds
  2 crimson imps
  A goliath beetle (D:9)
  8 jellies
  A quasit (D:7)
  A giant frog skeleton (D:6)
  3 orc priests
  9 orc wizards
  2 iguanas
  8 worker ants
  3 sheep (D:7)
  Jessica (D:3)
  An ogre skeleton (D:9)
  10 adders
  3 orc zombies
  A shadow imp (D:6)
  An orc skeleton (D:6)
  2 worms
  An iguana skeleton (D:4)
  6 giant geckos
  13 oozes (D:7)
  27 orcs
  15 bats
  7 goblins
  8 hobgoblins
  8 jackals
  12 kobolds
  5 quokkas
  9 giant cockroaches
  15 giant newts
  A goblin skeleton (D:5)
  A jackal skeleton (D:4)
  11 rats
227 creatures vanquished.

Vanquished Creatures (collateral kills)
  An orc warrior (D:9)
  An ogre (D:9)
  4 orcs (D:9)
6 creatures vanquished.

Vanquished Creatures (others)
  A fungus (D:7)
1 creature vanquished.

Grand Total: 234 creatures vanquished

Notes
Turn   | Place    | Note
--------------------------------------------------------------
     0 | D:1      | Kashira, the Vine Stalker Berserker, began the quest for the Orb.
     0 | D:1      | Reached XP level 1. HP: 11/11 MP: 1/1
   136 | D:1      | Reached skill level 3 in Axes
   163 | D:1      | Reached XP level 2. HP: 2/16 MP: 0/3
   450 | D:1      | Reached XP level 3. HP: 17/19 MP: 4/4
   460 | D:1      | Acquired Trog's second power
   783 | D:2      | Reached skill level 4 in Axes
  1123 | D:2      | Reached XP level 4. HP: 12/23 MP: 3/5
  1225 | D:2      | Found a shadowy altar of Dithmenos.
  2038 | D:3      | Reached skill level 5 in Axes
  2072 | D:3      | Reached XP level 5. HP: 27/27 MP: 7/7
  2190 | D:3      | Found a shimmering altar of Xom.
  2191 | D:3      | Found a shimmering altar of Xom.
  2191 | D:3      | Found a shimmering altar of Xom.
  2191 | D:3      | Found a shimmering altar of Xom.
  2191 | D:3      | Found a shimmering altar of Xom.
  2191 | D:3      | Found a shimmering altar of Xom.
  2192 | D:3      | Found a shimmering altar of Xom.
  2192 | D:3      | Found a shimmering altar of Xom.
  2192 | D:3      | Found a shimmering altar of Xom.
  2192 | D:3      | Noticed Jessica
  2194 | D:3      | Killed Jessica
  2200 | D:3      | You fall through a shaft for 2 floors!
  2200 | D:5      | Entered Level 5 of the Dungeon
  2446 | D:5      | Reached skill level 6 in Axes
  2446 | D:5      | Gained mutation: You heal very quickly. [vine stalker growth]
  2446 | D:5      | Reached XP level 6. HP: 16/32 MP: 8/8
  2632 | D:4      | Noticed ciphuk's ghost (average DECj)
  2637 | D:4      | Killed ciphuk's ghost
  2637 | D:4      | Reached skill level 7 in Axes
  2637 | D:4      | Reached XP level 7. HP: 35/35 MP: 9/9
  2753 | D:4      | Found Twoxkar's Weapon Shop.
  3605 | D:5      | Reached skill level 8 in Axes
  3682 | D:5      | Noticed Prince Ribbit
  3697 | D:5      | Killed Prince Ribbit
  3697 | D:5      | Gained mutation: You have razor-sharp teeth. [vine stalker growth]
  3697 | D:5      | Reached XP level 8. HP: 25/39 MP: 8/11
  3746 | D:5      | Noticed a centaur
  3748 | D:5      | Acquired Trog's third power
  3754 | D:5      | Killed a centaur
  3754 | D:5      | Reached skill level 9 in Axes
  3873 | D:6      | Found a staircase to the Ecumenical Temple.
  3899 | Temple   | Entered the Ecumenical Temple
  4283 | D:7      | Reached skill level 10 in Axes
  4369 | D:7      | Found Graschule's Antique Weapon Emporium.
  4421 | D:7      | Found a stormy altar of Qazlal.
  4437 | D:7      | Reached XP level 9. HP: 41/44 MP: 10/12
  4519 | D:7      | Noticed a slime creature
  4535 | D:7      | Killed a slime creature
  4700 | D:7      | Reached skill level 1 in Evocations
  4971 | D:8      | Found a basalt altar of Yredelemnul.
  4974 | D:8      | Noticed Blork the orc
  4983 | D:8      | Killed Blork the orc
  5029 | D:8      | Found a glowing golden altar of the Shining One.
  5124 | D:8      | Found a radiant altar of Vehumet.
  5134 | D:8      | Found an opulent altar of Gozag.
  5134 | D:8      | Found a shattered altar of Ashenzari.
  5260 | D:9      | Reached skill level 11 in Axes
  5292 | D:9      | Reached XP level 10. HP: 49/49 MP: 17/17
  5344 | D:9      | Received a gift from Trog
  5476 | D:9      | Received a gift from Trog
  5558 | D:9      | HP: 2/76 [poisoned by a trapdoor spider]
  5560 | D:9      | Succumbed to a trapdoor spider's poison

Action                   |  1- 3 |  4- 6 |  7- 9 | 10-12 || total
-------------------------+-------+-------+-------+-------++-------
Melee: Hand axe          |   122 |   152 |   314 |    45 ||   633
Invok: Berserk           |     1 |     3 |     3 |     2 ||     9
       Trog's Hand       |       |       |     1 |     1 ||     2
       Brothers in Arms  |       |       |       |     1 ||     1
Evoke: Wand              |       |       |     2 |       ||     2
  Use: Scroll            |       |     2 |     5 |       ||     7
 Stab: Sleeping          |       |       |     1 |       ||     1
  Eat: Bread ration      |     1 |     1 |       |       ||     2
       Beef jerky        |       |     1 |     1 |       ||     2
       Chunk             |       |       |     6 |     1 ||     7
       Meat ration       |       |       |     1 |       ||     1
